 Dungeon Crawl Stone Soup version 0.31-a0-229-g1fc7ce93e2 (webtiles) character file.

Game seed: 14188091455663191905

221 qw the Shooter (level 5, -8/45 HPs)
             Began as a Minotaur Hexslinger on July 6, 2023.
             Engulfed by a steam dragon's steam (11 damage)
             ... on level 4 of the Dungeon.
             The game lasted 00:00:46 (2378 turns).

qw the Shooter (Minotaur Hexslinger)                Turns: 2378, Time: 00:00:47

Health: -8/45      AC:  6    Str: 12    XL:     5   Next: 65%
Magic:  0/5        EV: 11    Int: 10    God:
Gold:   152        SH:  0    Dex: 15    Spells: 5/6 levels left

rFire   . . .        Y - +1 orcbow (elec)
rCold   . . .        (shield currently unavailable)
rNeg    . . .        n - +0 ring mail
rPois   .            (helmet restricted)
rElec   .            (no cloak)
rCorr   .            f - +0 pair of gloves
SInv    .            (no boots)
Will    .....        i - amulet of guardian spirit
Stlth   +            (no ring)
HPRegen 0.27/turn    (no ring)
MPRegen 0.09/turn

%: guardian spirit
@: no status effects
A: horns 2, retaliatory headbutt
a: no special abilities


You were on level 4 of the Dungeon.
You visited 1 branch of the dungeon, and saw 4 of its levels.

You collected 152 gold pieces.


Innate Abilities, Weirdness & Mutations

You have a pair of horns on your head.
You reflexively headbutt those who attack you in melee.


   Skills:
 - Level 3.0 Fighting
 + Level 5.3 Ranged Weapons
 - Level 2.7 Armour
 - Level 2.1 Dodging
 - Level 1.0 Spellcasting
 - Level 2.0 Hexes


You had 5 spell levels left.
You knew the following spells:

 Your Spells              Type           Power      Damage    Failure   Level
a - Slow                  Hex            16%        N/A       32%         1

Your spell library contained the following spells:

 Spells                   Type           Power      Damage    Failure   Level
 Inner Flame              Hex/Fire       2%         N/A       83%         3
 Portal Projectile        Hex/Tloc       4%         N/A       83%         3
 Cause Fear               Hex            2%         N/A       97%         4

Inventory:

Hand Weapons
 Y - a +1 orcbow of electrocution (weapon)
Armour
 a - the +0 robe of Reic {-Cast +Blink Fly Str+6}
   (You found it on level 4 of the Dungeon)

   Str:       It affects your strength (+6).
   Fly:       It grants you flight.
   +Blink:    It lets you blink.
   -Cast:     It prevents spellcasting.
 f - a +0 pair of gloves (worn)
 n - a +0 ring mail (worn)
Jewellery
 i - an amulet of guardian spirit (around neck)
Scrolls
 h - a scroll of identify
Potions
 c - a potion of curing
 k - a potion of cancellation
 m - a potion of berserk rage {unknown}

Dungeon Overview and Level Annotations

Branches:
Dungeon (4/15)
 Temple: D:4-7

Altars:


Message History

The kobold hits you but does no damage.
You shoot an arrow.
The arrow barely misses the steam dragon.
The steam dragon misses you.
The steam dragon claws you but does no damage.
The kobold is engulfed in a cloud of scalding steam.
The kobold barely misses you.
You shoot an arrow. The arrow misses the kobold.
The steam dragon bites you! The steam dragon closely misses you.
The kobold hits you but does no damage.
An adder comes into view.
You shoot an arrow. The adder hisses angrily.
The arrow hits the kobold.
The kobold is heavily wounded.
The steam dragon closely misses you. x2; The kobold hits you with a +0 club.
A phantom comes into view.
A kobold comes into view. It is wielding a +0 short sword.
The steam dragon bites you! The steam dragon barely misses you.
The kobold hits you with a +0 club.
You shoot an arrow. The arrow barely misses the kobold.
The kobold shouts!
The steam dragon breathes steam at you. The ball of steam hits you!
The kobold barely misses you. You furiously retaliate!
You headbutt the kobold.
The phantom hits you but does no damage.
2377 ||| DRINKING potion of heal wounds.
You feel much better.
You are engulfed in a cloud of scalding steam.
The steam dragon breathes steam at you. The ball of steam hits you!
The kobold barely misses you. You furiously retaliate!
You headbutt the kobold.
You kill the kobold!
The phantom hits you but does no damage.
You shoot an arrow.
The arrow hits the steam dragon but does no damage.
Lightning courses through the steam dragon!!
The steam dragon is heavily wounded.
You are engulfed in a cloud of scalding steam.
You die...

. #.... .
.##.... . ......
. # #.... ..
#.#.... ... ..
:#...S.## ....#
.. #...).W)##
#...# #.
#.D@ยค### #..#
#.
####...###..##
#(
##........####
#.
##..........###.
###............
##........#..#
#.......###.##
#......###.)#
#.##....# #.##


You could see a steam dragon (catching breath), a phantom and an adder.

Vanquished Creatures
  A scorpion (D:4)
  A jelly (D:4)
  Jessica (D:3)
  Terence (D:2)
  An adder (D:2)
  3 dart slugs
  3 orcs (D:4)
  10 ball pythons
  3 bats
  4 endoplasms
  2 giant cockroaches
  6 goblins
  3 hobgoblins
  2 jackals (D:2)
  5 quokkas (D:1)
  2 frilled lizards
  6 kobolds
  4 rats
58 creatures vanquished.

Notes
Turn   | Place    | Note
-------+----------+-------------------------------------------
     0 | D:1      | qw the Minotaur Hexslinger began the quest for the Orb.
     0 | D:1      | Reached XP level 1. HP: 16/16 MP: 1/1
     0 | D:1      | 0 ||| qw: Version: 0.3-a-46-gb1f654a
     0 | D:1      | 0 ||| qw: Game counter: 1233
     0 | D:1      | 0 ||| qw: Melee chars always use a shield: true
     0 | D:1      | 0 ||| qw: God list: Okawaru
     0 | D:1      | 0 ||| qw: Allow faded altars: false
     0 | D:1      | 0 ||| qw: Do Orc after clearing Dungeon:15 true
     0 | D:1      | 0 ||| qw: Do second Lair branch before Depths: true
     0 | D:1      | 0 ||| qw: Lair rune preference: random
     0 | D:1      | 0 ||| qw: Goals: Normal
     0 | D:1      | 0 ||| PLANNING D:1-11
     2 | D:1      | Noticed a formicid
     2 | D:1      | Noticed a felid
     4 | D:1      | Noticed a vampire
     4 | D:1      | Noticed an elf
     6 | D:1      | Noticed an ogre
     8 | D:1      | Noticed a ghoul
     8 | D:1      | Noticed a merfolk
    10 | D:1      | Noticed a gargoyle
    12 | D:1      | Noticed a vine stalker
    14 | D:1      | Noticed a human
    14 | D:1      | Noticed a minotaur
    16 | D:1      | Noticed an octopode
    16 | D:1      | Noticed a demigod
    18 | D:1      | Noticed a tengu
    18 | D:1      | Noticed a meteoran
    20 | D:1      | Noticed an armataur
    20 | D:1      | Noticed a troll
    22 | D:1      | Noticed a draconian
    22 | D:1      | Noticed a spriggan
    24 | D:1      | Noticed a draconian
    24 | D:1      | Noticed a naga
    65 | D:1      | Reached skill level 3 in Ranged Weapons
    65 | D:1      | Reached XP level 2. HP: 23/23 MP: 2/2
   394 | D:1      | Reached XP level 3. HP: 29/29 MP: 3/3
   713 | D:1      | 713 ||| UPGRADING to +0 leather armour.
   723 | D:1      | 723 ||| DROPPING +0 robe.
   724 | D:1      | 724 ||| UPGRADING to amulet of guardian spirit.
   729 | D:1      | 729 ||| READING scroll labelled NUMOESTUSEUG.
   730 | D:1      | 730 ||| READING scroll labelled DESCHU TIREINA.
   731 | D:1      | 731 ||| READING scroll labelled VYFAINGIWK.
   731 | D:1      | Identified a scroll of acquirement
   731 | D:1      | 731 ||| ACQUIRING +1 orcbow of electrocution
   731 | D:1      | Acquired a +1 orcbow of electrocution
   733 | D:1      | 733 ||| SWAPPING to +1 orcbow of electrocution.
   734 | D:1      | 734 ||| DROPPING +1 sling.
   735 | D:1      | 735 ||| DRINKING 2 brown potions.
   736 | D:1      | 736 ||| DROPPING scroll of poison.
   773 | D:2      | Reached skill level 4 in Ranged Weapons
   990 | D:2      | Noticed Terence
   996 | D:2      | Killed Terence
   997 | D:2      | Reached XP level 4. HP: 25/36 MP: 2/4
  1401 | D:2      | 1401 ||| UPGRADING to +0 pair of gloves.
  1406 | D:2      | 1406 ||| DRINKING 2 lumpy orange potions.
  1407 | D:2      | 1407 ||| DROPPING potion of magic.
  1564 | D:3      | 1564 ||| FLEEEEING.
  1565 | D:3      | 1565 ||| FLEEEEING.
  1566 | D:3      | 1566 ||| FLEEEEING.
  1567 | D:3      | 1567 ||| FLEEEEING.
  1568 | D:3      | 1568 ||| FLEEEEING.
  1569 | D:3      | 1569 ||| FLEEEEING.
  1995 | D:3      | Noticed Jessica
  1999 | D:3      | Killed Jessica
  2000 | D:3      | Reached skill level 5 in Ranged Weapons
  2168 | D:3      | 2168 ||| UPGRADING to +0 ring mail.
  2178 | D:3      | 2178 ||| DROPPING +0 leather armour.
  2179 | D:3      | 2179 ||| DROPPING amulet of magic regeneration.
  2180 | D:3      | 2180 ||| READING 2 scrolls labelled ECRE RYGULYHE.
  2181 | D:3      | 2181 ||| DRINKING 2 white potions.
  2182 | D:3      | 2182 ||| READING 4 scrolls of identify.
  2182 | D:3      | 2182 ||| IDENTIFYING red potion
  2183 | D:3      | 2183 ||| READING 3 scrolls of identify.
  2183 | D:3      | 2183 ||| IDENTIFYING green potion
  2184 | D:3      | 2184 ||| READING 2 scrolls of identify.
  2184 | D:3      | 2184 ||| IDENTIFYING lumpy clear potion
  2185 | D:3      | 2185 ||| DROPPING scroll of fog.
  2186 | D:3      | 2186 ||| DROPPING potion of lignification.
  2187 | D:3      | 2187 ||| DROPPING potion of attraction.
  2214 | D:4      | Identified the +0 robe of Reic {-Cast +Blink Fly Str+6}
  2263 | D:4      | Noticed a scorpion
  2264 | D:4      | Killed a scorpion
  2265 | D:4      | Reached XP level 5. HP: 41/41 MP: 5/5
  2367 | D:4      | Noticed a steam dragon
  2372 | D:4      | Reached skill level 3 in Fighting
  2375 | D:4      | Noticed a phantom
  2376 | D:4      | HP: 3/45 [steam dragon/ball of steam (10)]
  2377 | D:4      | 2377 ||| DRINKING potion of heal wounds.
  2378 | D:4      | Engulfed by a steam dragon's steam

Levels and vault maps discovered:
D:1:      kb_arrival_jail, layout_loops_ring, wad_floor_pattern_untrapped
D:2:      layout_basic, minmay_tromino_i2, uniq_terence, uniq_crazy_yiuf_cottage
D:3:      layout_basic, uniq_jessica
D:4:      layout_layer_cave, minmay_temple_entry_waves, minmay_manual_mess,
          uniq_natasha

Skill      XL: |  1  2  3  4  5 |
---------------+----------------+-----
Ranged Weapons | 3 4 5 |  5.3
Fighting       | 2 3 |  3.0
Armour         | 2 |  2.7
Dodging        | |  2.1
Spellcasting   | |  1.0
Hexes          | |  2.0

Action                     |  1- 3 |  4- 6 || total
---------------------------+-------+-------++-------
   Fire: Sling             |    75 |       ||    75
         Orcbow            |    11 |    51 ||    62
    Use: Scroll            |     3 |     4 ||     7
         Potion            |     1 |     3 ||     4
 Armour: Robe              |     3 |       ||     3
         Leather armour    |       |     3 ||     3
         Ring mail         |       |     6 ||     6
  Dodge: Dodged            |    20 |    15 ||    35

Table legend:
 A = Non-vault XP
 B = Vault XP
 C = Vault XP percentage of total XP
 D = Non-vault monster count
 E = Vault monster count
 F = Vault count percentage of total count
                 A         B        C        D         E       F
            +---------+---------+-------+---------+---------+-------
      Total |     237 |      79 |  25.0 |      54 |       4 |   6.9
            +---------+---------+-------+---------+---------+-------
        D:1 |      53 |       0 |   0.0 |      31 |       0 |   0.0
        D:2 |      25 |      36 |  59.0 |       7 |       1 |  12.5
        D:3 |      20 |      37 |  64.9 |      10 |       1 |   9.1
        D:4 |     139 |       6 |   4.1 |       6 |       2 |  25.0
            +---------+---------+-------+---------+---------+-------
